 Dungeon Sprint DCSS version 0.17.1-3-g152610e (webtiles) character file.

79 Kokonut the Basher (level 4, -9/61 HPs)
             Began as a Minotaur Berserker on Mar 6, 2016.
             Was a Priest of Trog.
             Mangled by a water elemental (19 damage)
             ... in the Dungeon (Sprint III: "The Ten Rune Challenge").
             The game lasted 00:01:32 (471 turns).

Kokonut the Basher (Minotaur Berserker)              Turns: 471, Time: 00:01:33

Health: -9/61      AC:  3    Str: 27    XL:     4   Next: 16%
Magic:  3/3        EV: 13    Int:  4    God:    Trog [***...]
Gold:   31         SH:  0    Dex: 10    Spells: 0 memorised, 3 levels left

rFire  . . .     SeeInvis .     a - +0 mace
rCold  . . .     Clarity  .     b - +0 animal skin
rNeg   . . .     SustAt   .     (no shield)
rPois  .         Gourm    .     (helmet restricted)
rElec  .         Spirit   .     m - +0 cloak
rCorr  .         Warding  .     (no gloves)
rMut   .         NoTele   +     (no boots)
MR     .....                    (no amulet)
Stlth  ..........               (no ring)
                                (no ring)

@: berserking, engulfed (cannot breathe), very quick, not resistant to hostile
enchantments, extremely unstealthy
A: retaliatory headbutt, horns 2
a: Berserk, Trog's Hand, Burn Spellbooks, Renounce Religion


You were in the Dungeon.
You worshipped Trog.
Trog was most pleased with you.
You were not hungry.

You visited 1 branch You collected 31 gold pieces.

Inventory:

Hand Weapons
 a - a +0 mace (weapon)
Armour
 b - a +0 animal skin (worn)
 m - a +0 cloak (worn)
Wands
 j - a wand of heal wounds (5)
Scrolls
 i - a scroll of blinking
 o - a scroll of holy word {unknown}
 p - 2 scrolls of identify {unknown}
 q - 2 scrolls of remove curse {unknown}
 t - a scroll of torment {unknown}
Potions
 d - a potion of curing
 e - a potion of heal wounds
 f - a potion of haste
 g - 2 potions of magic
 h - a potion of berserk rage
 k - 4 potions of cancellation {unknown}
 n - 2 potions of mutation {unknown}
 s - 4 potions of flight
 u - a potion of cure mutation {unknown}
Comestibles
 c - a bread ration
 l - 3 chunks of flesh
 r - 2 royal jellies


   Skills:
 + Level 4.9 Fighting
 * Level 9.4 Maces & Flails
 - Level 2.4 Armour
 + Level 3.5 Dodging


You had 3 spell levels left.
You didn't know any spells.

Dungeon Overview and Level Annotations

Branches:
Dungeon (1/1)

Altars:


Innate Abilities, Weirdness & Mutations

You reflexively headbutt those who attack you in melee.
You have a pair of horns on your head.


Message History

You hit the water elemental.
The water elemental is lightly damaged.
Your lungs strain for air!
The water elemental barely misses you.
You closely miss the water elemental.
The water elemental is lightly damaged.
Your lungs strain for air!
The water elemental barely misses you.
You hit the water elemental. You headbutt the water elemental!
The water elemental is almost destroyed.
Your lungs strain for air!
The water elemental hits you.
* * * LOW HITPOINT WARNING * * *
A red film seems to cover your vision as you go berserk!
You feel yourself moving faster!
You feel mighty!
You feel somewhat more hungry.
* * * LOW HITPOINT WARNING * * *
Your lungs strain for air!
The water elemental hits you!!
You die...

▓▓▓▓▓▓▓▓▓ ▓▓▓
.#..'...♣♣♣ ♣.#
.#..#.....♣ ♣.#
'####.....♣ ♣.#
....#....≈♣♣♣♣♣.###+#+##
....#...≈≈♣.♣♣..#.......
...)#..≈≈≈≈♣.♣..@.⌠.....
###'#..≈≈≈≈≈≈♣..#E..####
...)#.≈≈≈≈≈≈....#.⌠.#
....#.≈≈≈≈≈.....#...#
....#.≈≈≈.......#+###
#####...........#
....)...........#
▓▓▓▓▓▓▓▓▓▓▓▓▓▓▓▓▓


You could see a water elemental.

Vanquished Creatures
  Crazy Yiuf (D)
  Jessica (D)
  A human (D)
  An ooze (D)
  2 rats (D)
6 creatures vanquished.

Vanquished Creatures (others)
  2 draconian scorchers (D)
  A yaktaur (D)
3 creatures vanquished.

Grand Total: 9 creatures vanquished

Notes
Turn   | Place    | Note
--------------------------------------------------------------
     0 | D        | Kokonut the Minotaur Berserker began the quest for the Orb.
     0 | D        | Reached XP level 1. HP: 19/19 MP: 0/0
     4 | D        | Reached skill level 4 in Maces & Flails
     6 | D        | Reached ** piety under Trog
     6 | D        | Reached skill level 5 in Maces & Flails
    86 | D        | Killed a yaktaur
   116 | D        | Noticed Jessica
   122 | D        | Killed Jessica
   122 | D        | Reached skill level 8 in Maces & Flails
   122 | D        | Reached XP level 2. HP: 6/26 MP: 1/1
   122 | D        | Reached XP level 3. HP: 7/31 MP: 2/2
   158 | D        | Killed a white draconian scorcher
   183 | D        | Killed a white draconian scorcher
   353 | D        | Noticed Crazy Yiuf
   364 | D        | Killed Crazy Yiuf
   364 | D        | Reached skill level 9 in Maces & Flails
   419 | D        | Reached *** piety under Trog
   419 | D        | Reached XP level 4. HP: 23/41 MP: 3/3
   465 | D        | Noticed a water elemental
   471 | D        | Mangled by a water elemental

Action                   |  1- 3 |  4- 6 || total
-------------------------+-------+-------++-------
Melee: Mace              |    26 |     4 ||    30
Invok: Berserk           |     1 |     1 ||     2
